BSA
POCATELLO BOCCABELLAS @ NASHVILLE G-STRINGS
03/29/2027
 
TOP OF THE 1ST
Pocatello Boccabellas batting - Pitching for Madison Bombers : LHP Bill Moore
Pitching: LHP Bill Moore
Batting: RHB Tomás Carranza 0-0: Ball
1-0: Called Strike
1-1: Swinging Strike
1-2: Ball
2-2: SINGLE (Line Drive, 89S)
Batting: RHB José Delgado 0-0: Called Strike
Tomás Carranza is caught stealing 2nd base
0-1: Ball
1-1: Fly out, F8 (Flyball, 89XD)
Batting: RHB Marlon Phipps 0-0: Fly out, F9 (Line Drive, 9D)
Top of the 1st over - 0 run(s), 1 hit(s), 0 error(s), 0 left on base; Pocatello 0 - Madison 0
BOTTOM OF THE 1ST
Madison Bombers batting - Pitching for Pocatello Boccabellas : RHP Martín Ramírez
Pitching: RHP Martín Ramírez
Batting: SHB Martín Medina 0-0: Ball
1-0: Ball
2-0: SINGLE (Line Drive, 6M)
Batting: SHB Ricardo Arévalo 0-0: Ball
1-0: Foul Ball, location: 2F
1-1: Foul Ball, location: 2F
1-2: Ground out 4-3 (Groundball, 34)
Martín Medina to second
Batting: RHB Sergio Márquez 0-0: Ball
1-0: Ball
2-0: Foul Ball, location: 2F
2-1: Called Strike
2-2: SINGLE (Groundball, 56D)
Martín Medina to third
Runner from 3rd tries for Home, SAFE, no throw
Batting: RHB Will Brown 0-0: Ball
1-0: Swinging Strike
1-1: Ball
2-1: Swinging Strike
2-2: Strikes out swinging
Batting: LHB Mike Callahan 0-0: Called Strike
0-1: Ball
1-1: Foul Ball, location: 2F
1-2: Ball
2-2: Ball
3-2: Strikes out swinging
Bottom of the 1st over - 1 run(s), 2 hit(s), 0 error(s), 1 left on base; Pocatello 0 - Madison 1
TOP OF THE 2ND
Pocatello Boccabellas batting - Pitching for Madison Bombers : LHP Bill Moore
Batting: LHB Juan Cortés 0-0: Ball
1-0: Fly out, F4 (Popup, 34D)
Batting: RHB Francisco Sandoval 0-0: Called Strike
0-1: Ball
1-1: Foul Ball, location: 2F
1-2: SINGLE (Groundball, 34) (infield hit)
Batting: RHB Pedro Guzmán 0-0: 2-RUN HOME RUN (Flyball, 7D), Distance : 392 ft
Batting: RHB Jeremy Carr 0-0: Called Strike
0-1: Fly out, F9 (Flyball, 9)
Batting: LHB Jim Jensen 0-0: Called Strike
0-1: Foul Ball, location: 2F
0-2: Foul Ball, location: 2F
0-2: Foul Ball, location: 2F
0-2: Ball
1-2: Ground out 6-3 (Groundball, 6)
Top of the 2nd over - 2 run(s), 2 hit(s), 0 error(s), 0 left on base; Pocatello 2 - Madison 1
BOTTOM OF THE 2ND
Madison Bombers batting - Pitching for Pocatello Boccabellas : RHP Martín Ramírez
Batting: RHB Cris Fuentes 0-0: Foul Ball, location: 2F
0-1: Foul Ball, location: 2F
0-2: Ground out 5-3 (Groundball, 5)
Batting: LHB Raúl Casillán 0-0: Called Strike
0-1: DOUBLE (Line Drive, 9LS)
Batting: SHB Jorge Flores 0-0: Called Strike
0-1: SINGLE (Groundball, 6MD)
Raúl Casillán to third
Batting: RHB John Denton 0-0: Called Strike
0-1: Ball
1-1: Ball
2-1: Ball
3-1: Foul Ball, location: 2F
3-2: Grounds into double play, 4-6-3 (Groundball, 4)
Bottom of the 2nd over - 0 run(s), 2 hit(s), 0 error(s), 1 left on base; Pocatello 2 - Madison 1
TOP OF THE 3RD
Pocatello Boccabellas batting - Pitching for Madison Bombers : LHP Bill Moore
Batting: SHB Guillermo Ortíz 0-0: Called Strike
0-1: Swinging Strike
0-2: Foul Ball, location: 2F
0-2: Ball
1-2: Strikes out swinging
Batting: RHB Tomás Carranza 0-0: Ball
1-0: Ground out 6-3 (Groundball, 6)
Batting: RHB José Delgado 0-0: Ground out 4-3 (Groundball, 4)
Top of the 3rd over - 0 run(s), 0 hit(s), 0 error(s), 0 left on base; Pocatello 2 - Madison 1
BOTTOM OF THE 3RD
Madison Bombers batting - Pitching for Pocatello Boccabellas : RHP Martín Ramírez
Batting: SHB Martín Medina 0-0: Ball
1-0: Ground out 4-3 (Groundball, 4)
Batting: SHB Ricardo Arévalo 0-0: Ball
1-0: Foul Ball, location: 2F
1-1: Foul Ball, location: 2F
1-2: Ball
2-2: Ball
3-2: SINGLE (Line Drive, 8LS)
Batting: RHB Sergio Márquez 0-0: Called Strike
0-1: Ground out 5-3 (Groundball, 56S)
Ricardo Arévalo to second
Batting: RHB Will Brown 0-0: Swinging Strike
0-1: Ball
1-1: Swinging Strike
1-2: Ball
2-2: Fly out, F8 (Flyball, 8RS)
Bottom of the 3rd over - 0 run(s), 1 hit(s), 0 error(s), 1 left on base; Pocatello 2 - Madison 1
TOP OF THE 4TH
Pocatello Boccabellas batting - Pitching for Madison Bombers : LHP Bill Moore
Batting: RHB Marlon Phipps 0-0: Foul Ball, location: 2F
0-1: Swinging Strike
0-2: Ball
1-2: Foul Ball, location: 2F
1-2: Ball
2-2: Ball
3-2: SOLO HOME RUN (Line Drive, 7D), Distance : 385 ft
Batting: LHB Juan Cortés 0-0: Ball
1-0: Fly out, F9 (Flyball, 9)
Batting: RHB Francisco Sandoval 0-0: Called Strike
0-1: Called Strike
0-2: Fly out, F7 (Flyball, 7)
Batting: RHB Pedro Guzmán 0-0: SINGLE (Flyball, 8RS)
Batting: RHB Jeremy Carr 0-0: Ball
1-0: Ball
2-0: Fielders Choice at 2nd, 6-4 (Groundball, 6)
Top of the 4th over - 1 run(s), 2 hit(s), 0 error(s), 0 left on base; Pocatello 3 - Madison 1
BOTTOM OF THE 4TH
Madison Bombers batting - Pitching for Pocatello Boccabellas : RHP Martín Ramírez
Batting: LHB Mike Callahan 0-0: Called Strike
0-1: Swinging Strike
0-2: Ground out 1-3 (Groundball, 13)
Batting: RHB Cris Fuentes 0-0: SINGLE (Line Drive, 8RS)
Batting: LHB Raúl Casillán 0-0: Ball
1-0: DOUBLE (Line Drive, 7LM)
Cris Fuentes to third
Batting: SHB Jorge Flores 0-0: Ball
1-0: Foul Ball, location: 2F
1-1: Foul Ball, location: 2F
1-2: Foul Ball, location: 2F
1-2: Ground out U3 (Groundball, 34)
Cris Fuentes scores
Raúl Casillán to third
Batting: RHB John Denton 0-0: Ball
1-0: Swinging Strike
1-1: Foul Ball, location: 2F
1-2: Ball
2-2: Ball
3-2: Base on Balls
Batting: SHB Martín Medina 0-0: Ball
1-0: Foul Ball, location: 2F
1-1: Ball
2-1: Foul Ball, location: 2F
2-2: Fielders Choice at 2nd, 5-4 (Groundball, 56)
Bottom of the 4th over - 1 run(s), 2 hit(s), 0 error(s), 1 left on base; Pocatello 3 - Madison 2
TOP OF THE 5TH
Pocatello Boccabellas batting - Pitching for Madison Bombers : LHP Bill Moore
Pitching: RHP Ramiro Rivera
Batting: LHB Jim Jensen 0-0: Called Strike
0-1: Ball
1-1: Called Strike
1-2: SINGLE (Groundball, 4MD)
Batting: SHB Guillermo Ortíz 0-0: Called Strike
0-1: Ball
1-1: Ball
2-1: Foul Ball, location: 2F
2-2: Ball
3-2: Base on Balls
Jim Jensen to second
Batting: RHB Tomás Carranza 0-0: Ball
1-0: Ball
2-0: Ground out 5-3 (Groundball, 56S)
Jim Jensen to third
Guillermo Ortíz to second
Batting: RHB José Delgado 0-0: Ball
1-0: Ball
2-0: SINGLE (Line Drive, 78S)
Jim Jensen scores
Guillermo Ortíz to third
Runner from 3rd tries for Home, SAFE, throw made home
José Delgado to second
Batting: RHB Marlon Phipps 0-0: Called Strike
0-1: Ball
1-1: Ball
2-1: Fly out, F2 (Popup, 34S)
Batting: LHB Juan Cortés 0-0: Swinging Strike
0-1: Ball
1-1: Swinging Strike
1-2: Strikes out looking
Top of the 5th over - 2 run(s), 2 hit(s), 0 error(s), 1 left on base; Pocatello 5 - Madison 2
BOTTOM OF THE 5TH
Madison Bombers batting - Pitching for Pocatello Boccabellas : RHP Martín Ramírez
Pitching: RHP Nathan Walters
Batting: SHB Ricardo Arévalo 0-0: Ball
1-0: Ball
2-0: Ground out 4-3 (Groundball, 4)
Batting: RHB Sergio Márquez 0-0: Ground out 1-3 (Groundball, 13S)
Batting: RHB Will Brown 0-0: Foul Ball, location: 2F
0-1: Ball
1-1: Ball
2-1: SINGLE (Groundball, 34D)
Batting: LHB Mike Callahan 0-0: Foul Ball, location: 2F
0-1: Foul Ball, location: 2F
0-2: Strikes out swinging
Bottom of the 5th over - 0 run(s), 1 hit(s), 0 error(s), 1 left on base; Pocatello 5 - Madison 2
TOP OF THE 6TH
Pocatello Boccabellas batting - Pitching for Madison Bombers : RHP Ramiro Rivera
Pitching: RHP Alonso Gallardo
Batting: RHB Francisco Sandoval 0-0: Ball
1-0: Fly out, F8 (Flyball, 8RM)
Batting: RHB Pedro Guzmán 0-0: Called Strike
0-1: Foul Ball, location: 2F
0-2: Ground out 5-3 (Groundball, 25)
Batting: RHB Jeremy Carr 0-0: Fly out, F3 (Popup, 3L)
Top of the 6th over - 0 run(s), 0 hit(s), 0 error(s), 0 left on base; Pocatello 5 - Madison 2
BOTTOM OF THE 6TH
Madison Bombers batting - Pitching for Pocatello Boccabellas : RHP Nathan Walters
Batting: RHB Cris Fuentes 0-0: DOUBLE (Line Drive, 7LM)
Batting: LHB Raúl Casillán 0-0: Ball
1-0: Ground out 4-3 (Groundball, 4)
Cris Fuentes to third
Batting: SHB Jorge Flores 0-0: Foul Ball, location: 2F
0-1: Fly out, F7 (Flyball, 7D)
Runner from 3rd tags up, SCORES, throw made
Batting: RHB John Denton 0-0: Ball
1-0: Called Strike
1-1: Called Strike
1-2: Ball
2-2: Ball
3-2: Fly out, F8 (Flyball, 8LD)
Bottom of the 6th over - 1 run(s), 1 hit(s), 0 error(s), 0 left on base; Pocatello 5 - Madison 3
TOP OF THE 7TH
Pocatello Boccabellas batting - Pitching for Madison Bombers : RHP Alonso Gallardo
Batting: LHB Jim Jensen 0-0: Called Strike
0-1: Called Strike
0-2: Foul Ball, location: 2F
0-2: Ball
1-2: Ball
2-2: Ball
3-2: Foul Ball, location: 2F
3-2: Base on Balls
Batting: SHB Guillermo Ortíz 0-0: Ball
1-0: Ball
2-0: Called Strike
2-1: Fielders Choice at 2nd, 3-6 (Groundball, 3)
Pinch Hitting: LHB Vicente Bueno 0-0: Called Strike
0-1: Ball
1-1: Ball
2-1: Foul Ball, location: 2F
2-2: Strikes out looking
Pinch Hitting: LHB José Berroa 0-0: Called Strike
0-1: Fly out, F8 (Flyball, 78D)
Top of the 7th over - 0 run(s), 0 hit(s), 0 error(s), 1 left on base; Pocatello 5 - Madison 3
BOTTOM OF THE 7TH
Madison Bombers batting - Pitching for Pocatello Boccabellas : RHP Nathan Walters
Now at 1B: Vicente Bueno
Pinch Hitting: LHB Alex Henderson 0-0: Called Strike
Now at 1B: Alfredo Farías 0-1: SINGLE (Flyball, 89M)
Pinch Hitting: RHB Guo-xiu Choi 0-0: Ball
1-0: Ball
2-0: SINGLE (Groundball, 56D)
Alex Henderson to second
Pinch Hitting: SHB Bob Warren 0-0: Ball
1-0: Ball
2-0: Ball
3-0: Swinging Strike
3-1: Called Strike
3-2: Strikes out swinging
Pinch Hitting: RHB Greg King 0-0: DOUBLE (Line Drive, 7LS)
Alex Henderson scores
Guo-xiu Choi to third
Runner from 3rd tries for Home, SAFE, no throw
Batting: RHB William Farmer 0-0: Called Strike
Greg King steals 3rd base
0-1: SINGLE (Flyball, 6MD)
Greg King scores
Pitching: RHP Jesse Moser
Batting: RHB Cris Fuentes 0-0: Ball
1-0: Grounds into double play, 5-4-3 (Groundball, 56)
Bottom of the 7th over - 3 run(s), 4 hit(s), 0 error(s), 0 left on base; Pocatello 5 - Madison 6
TOP OF THE 8TH
Pocatello Boccabellas batting - Pitching for Madison Bombers : RHP Alonso Gallardo
Pitching: RHP Manny Canseco
Now at 1B: Bob Warren
Now at 2B: Greg King
Now at 3B: Alex Henderson
Now in LF: Guo-xiu Choi
Batting: RHB Jackson Gibson 0-0: Fly out, F9 (Flyball, 9S)
Pitching: LHP Dave Carbone
Pinch Hitting: RHB Chris Parker 0-0: Called Strike
0-1: Foul Ball, location: 2F
0-2: Strikes out looking
Pitching: RHP Manuel González
Pinch Hitting: LHB Will Hill 0-0: Ball
1-0: Called Strike
1-1: Foul Ball, location: 2F
1-2: Strikes out swinging
Top of the 8th over - 0 run(s), 0 hit(s), 0 error(s), 0 left on base; Pocatello 5 - Madison 6
BOTTOM OF THE 8TH
Madison Bombers batting - Pitching for Pocatello Boccabellas : RHP Jesse Moser
Pitching: LHP Mark Murchison
Now at SS: Chris Parker
Now in RF: Will Hill
Pinch Hitting: RHB Bruce Brooks 0-0: Ball
1-0: SINGLE (Groundball, 56D)
Pitching: RHP Adrián Martínez
Pinch Hitting: LHB John Horton 0-0: Called Strike
0-1: Ball
1-1: Called Strike
1-2: Strikes out swinging
Batting: RHB John Denton 0-0: Ball
1-0: Foul Ball, location: 2F
1-1: Ball
2-1: SINGLE (Flyball, 9LM)
Bruce Brooks to second
Runner from 2nd tries for 3rd, SAFE, no throw
Batting: LHB Alex Henderson 0-0: Ball
1-0: Called Strike
1-1: Ball
2-1: Foul Ball, location: 2F
2-2: SINGLE (Groundball, 4MD)
Bruce Brooks scores
John Denton to second
Runner from 2nd tries for 3rd, SAFE, no throw
Batting: RHB Guo-xiu Choi 0-0: Ball
1-0: Ball
2-0: Foul Ball, location: 2F
2-1: Fly out, F7 (Flyball, 7S)
Batting: SHB Bob Warren 0-0: Ball
1-0: Fielders Choice at 2nd, 4-6 (Groundball, 34)
Bottom of the 8th over - 1 run(s), 3 hit(s), 0 error(s), 1 left on base; Pocatello 5 - Madison 7
TOP OF THE 9TH
Pocatello Boccabellas batting - Pitching for Madison Bombers : RHP Manuel González
Pitching: RHP Arthur Green
Now at SS: Júlio Sánchez
Now in CF: Bruce Brooks
Pinch Hitting: SHB Nick Cox 0-0: Ball
1-0: Foul Ball, location: 2F
1-1: Hit by Pitch
Pinch Hitting: RHB Kelly Graham 0-0: Swinging Strike
0-1: Ball
1-1: Ball
2-1: Swinging Strike
2-2: Strikes out swinging
Pinch Hitting: RHB Luis González 0-0: Ball
1-0: Grounds into double play, 6-4-3 (Groundball, 6)
Top of the 9th over - 0 run(s), 0 hit(s), 0 error(s), 0 left on base; Pocatello 5 - Madison 7
Thursday, March 30th, 2017 - OOTP Baseball 17.12 Build 75